 Dungeon Crawl Stone Soup version 0.28.0-53-g5a82cb258f (webtiles) character file.

Game seed: 3732807134257920193

89 Sin92 the Skirmisher (level 4, -1/35 HPs)
             Began as a Demonspawn Fighter on June 7, 2022.
             Slain by an orc
             ... wielding a +0 dagger
              (2 damage)
             ... on level 3 of the Dungeon.
             The game lasted 00:01:18 (1121 turns).

Sin92 the Skirmisher (Demonspawn Fighter)           Turns: 1121, Time: 00:01:18

Health: -1/35      AC:  6    Str: 18    XL:     4   Next: 31%
Magic:  4/4        EV:  9    Int:  9    God:
Gold:   23         SH:  8    Dex: 13    Spells: 3/3 levels left

rFire   . . .      SeeInvis .   a - +0 flail
rCold   . . .      Faith    .   c - +0 buckler
rNeg    . . .      Spirit   .   b - +0 scale mail
rPois   .          Reflect  .   (no helmet)
rElec   .          Harm     .   (no cloak)
rCorr   .          Rampage  .   (no gloves)
Will    .....                   (no boots)
Stlth   ..........              (no amulet)
HPRegen 0.11/turn               (no ring)
MPRegen 0.09/turn               (no ring)

@: hasted, very quick
A: large bone plates 1, demonic touch 1
a: no special abilities


You were on level 3 of the Dungeon.
You visited 1 branch of the dungeon, and saw 3 of its levels.

You collected 23 gold pieces.

Inventory:

Hand Weapons
 a - a +0 flail (weapon)
Armour
 b - a +0 scale mail (worn)
 c - a +0 buckler (worn)
Potions
 d - a potion of might


   Skills:
 + Level 3.5 Fighting
 + Level 2.4 Maces & Flails
 + Level 3.1 Armour
 + Level 1.3 Dodging
 + Level 3.2 Shields


You had 3 spell levels left.
You didn't know any spells.
Your spell library was empty.

Dungeon Overview and Level Annotations

Branches:
Dungeon (2/15)

Altars:


Innate Abilities, Weirdness & Mutations

You are partially covered in large bone plates. (SH +4)
Your touch may inflict minor irresistible damage on your foes.


Message History

The adder poisons you!
You hit the adder.
You kill the adder!
You feel sick. The adder bites you.
You miss the adder.
You feel sick. The adder bites you.
You are more poisoned.
The adder poisons you! The adder bites you but does no damage.
You barely miss the adder.
You feel sick. The adder barely misses you.
An orc comes into view. It is wielding a +0 dagger.
You barely miss the adder.
You feel sick.
The orc shouts!
The adder completely misses you. You block the adder's attack.
An orc comes into view. It is wielding a +0 trident.
You barely miss the adder.
You feel sick. The adder bites you. The adder barely misses you.
You miss the adder.
You feel sick. The adder bites you but does no damage.
An orc priest comes into view. It is wielding a +0 flail.
You block the adder's attack.
You sock the adder!
The adder is almost dead.
You feel sick.
You are no longer poisoned.
The adder bites you.
* * * LOW HITPOINT WARNING * * *
You sock the adder!
You kill the adder!
The orc hits you but does no damage.
The orc throws a boomerang.
The boomerang closely misses you. You block the orc's attack.
The orc hits you with a +0 dagger.
* * * LOW HITPOINT WARNING * * *
The orc hits you with a +0 trident.
* * * LOW HITPOINT WARNING * * *
There is an open door, spattered with blood here.
Things that are here:
an adder corpse; a hobgoblin corpse Unknown command.
You aren't carrying any scrolls.
It was a potion of haste.
You feel yourself speed up. The orc hits you with a +0 dagger.
You die...

##.......##
###.........###
.'.........'.
#.........#
#.......#
#.o...# #oo.#
#@# #.## #..##
##.#.##
##...#.#
####.....#.#
........###.#
#.##.#..# ## #.
##.#..


You could see an orc priest and 2 orcs.

Vanquished Creatures
  A water moccasin zombie (D:3)
  2 adders (D:3)
  An endoplasm (D:1)
  A hobgoblin (D:3)
  4 jackals (D:1)
  A quokka (D:1)
  2 ball pythons (D:1)
  A frilled lizard (D:1)
  4 rats (D:1)
17 creatures vanquished.

Notes
Turn   | Place    | Note
-------+----------+-------------------------------------------
     0 | D:1      | Sin92 the Demonspawn Fighter began the quest for the Orb.
     0 | D:1      | Reached XP level 1. HP: 18/18 MP: 1/1
   417 | D:1      | Gained mutation: Your touch may inflict minor irresistible
                  | damage on your foes. [demonic ancestry]
   417 | D:1      | Reached XP level 2. HP: 24/24 MP: 2/2
   759 | D:1      | Found a faded altar of an unknown god.
   833 | D:2      | You fall into a shaft and drop 1 floor!
   849 | D:3      | Reached skill level 1 in Dodging
   849 | D:3      | Reached XP level 3. HP: 3/29 MP: 3/3
   849 | D:3      | Gained mutation: You are partially covered in large bone
                  | plates. (SH +4) [demonic ancestry]
   849 | D:3      | Reached XP level 4. HP: 4/35 MP: 4/4
  1120 | D:3      | HP: 1/35 [orc/+0 trident (6)]
  1121 | D:3      | Slain by an orc

Illustrated notes

Levels and vault maps discovered:
D:1:      dpeg_arrival_round_b, layout_loops_ring,
          shapermc_ecumenical_altar_mp_vishouse
D:2:      layout_basic, wander_ebering_terrifying_dragon_lair
D:3:      layout_loops_corners, minmay_ogre_servants, uniq_jessica,
          uniq_sigmund, uniq_ijyb

Skill      XL: |  1  2 |
---------------+-------+-----
Maces & Flails | 2 |  2.4
Armour         | 3 |  3.1
Dodging        | 1 |  1.3
Shields        | 3 |  3.2
Fighting       | |  3.5

Action                   |  1- 3 |  4- 6 || total
-------------------------+-------+-------++-------
Melee: Flail             |    44 |    14 ||    58
  Use: Potion            |     1 |     1 ||     2
       Scroll            |     1 |       ||     1
Armor: Scale mail        |    23 |     7 ||    30
Dodge: Dodged            |    22 |     5 ||    27
Block: Buckler           |    11 |     5 ||    16
